Map: Oxide LE

Players

Rex

  • Race: Zerg Zerg

GogojOey - Winner!

  • Race: Zerg Zerg

VOD

Have the link to the VOD?

Description

Time

  • Played on: Oct. 2, 2021, 8:17 a.m.
  • Length: 6:55
Show
View Real Time Build Order
Export as new Build Order

Rex Zerg 

Build Orders: Hatch First 

Get SALT Encoding   

  12  0:00  Drone  
  13  0:12  Overlord  
  13  0:17  Drone  
  14  0:31  Drone x2  
  16  0:48  Hatchery  
  15  0:51  Drone  
  15  0:54  Drone  
  17  0:59  Drone  
  17  1:02  Extractor  
  17  1:14  Spawning Pool  
  17  1:18  Drone  
  17  1:20  Drone  
  18  1:28  Drone  
  19  1:40  Drone  
  20  1:50  Drone  
  21  2:00  Queen  
  21  2:01  Queen  
  25  2:03  Metabolic Boost  
  25  2:05  Zergling x2  
  25  2:08  Overlord  
  26  2:14  Drone  
  26  2:15  Drone  
  28  2:28  Drone x2  
  30  2:37  Hatchery  
  30  2:42  Queen  
  31  2:46  Overlord  
  31  2:54  Zergling x6  
  31  2:57  Zergling x2  
  31  2:58  Zergling x2  
  35  3:05  Zergling x4  
  37  3:10  Zergling x6  
  40  3:15  Zergling x6  
  40  3:18  Zergling x2  
  44  3:24  Baneling Nest  
  44  3:27  Overlord  
  42  3:46  Drone x5, Zergling x2  
  43  3:52  Drone x3  
  44  3:56  Zergling x2  
  44  3:57  Overlord  
  44  3:58  Zergling x2  
  44  4:01  Zergling x2  
  47  4:04  Zergling x2  
  48  4:11  Evolution Chamber  
  48  4:15  Drone x3  
  50  4:18  Drone  
  50  4:22  Drone  
  50  4:24  Drone x3  
  55  4:27  Drone x3  
  55  4:29  Drone  
  59  4:36  Zerg Missile Weapons Level 1  
  59  4:37  Drone x2  
  60  4:39  Drone  
  61  4:50  Drone x2, Roach Warren  
  62  4:54  Overlord x2  
  62  4:57  Drone  
  62  4:58  Drone x2  
  65  5:03  Drone  
  65  5:10  Overlord  
  65  5:13  Extractor x2  
  63  5:14  Drone  
  63  5:15  Drone x5  
  63  5:19  Extractor  
  67  5:21  Overlord, Extractor  
  67  5:25  Overlord x2  
  66  5:29  Baneling x2, Spine Crawler  
  66  5:31  Roach x3  
  66  5:33  Baneling  
  66  5:34  Roach  
  73  5:36  Roach  
  75  5:44  Roach  
  75  5:48  Roach  
  77  5:51  Roach  
  77  5:54  Roach  
  65  5:57  Roach  
  65  5:58  Zergling x16  
  65  6:00  Drone, Zergling x2  
  65  6:01  Zergling x2  
  66  6:07  Roach  
  56  6:12  Roach  
  56  6:13  Roach  
  56  6:18  Zergling x2  
  39  6:28  Zergling x4  
  39  6:31  Zergling x2  
  34  6:34  Zergling x4  
Show
View Real Time Build Order
Export as new Build Order

GogojOey Zerg - Winner!

Build Orders: Hatch First 

Get SALT Encoding   

  12  0:00  Drone  
  13  0:12  Overlord  
  13  0:17  Drone  
  14  0:31  Drone x2  
  16  0:48  Hatchery  
  15  0:51  Drone  
  15  0:54  Drone  
  17  0:58  Drone  
  18  1:08  Extractor  
  17  1:14  Spawning Pool  
  17  1:16  Drone  
  17  1:20  Drone  
  18  1:28  Drone  
  19  1:38  Drone  
  20  1:49  Drone  
  21  2:00  Queen, Overlord  
  21  2:01  Queen  
  23  2:02  Zergling x2  
  23  2:08  Metabolic Boost  
  26  2:13  Drone  
  26  2:14  Drone  
  28  2:22  Drone x2  
  30  2:33  Zergling x2  
  31  2:37  Hatchery  
  31  2:42  Drone  
  31  2:44  Baneling Nest  
  30  2:51  Queen  
  32  3:00  Overlord  
  32  3:01  Zergling x2  
  32  3:04  Zergling x2  
  34  3:06  Drone  
  34  3:07  Drone  
  35  3:19  Zergling x8  
  39  3:22  Zergling x4  
  41  3:28  Baneling x4  
  41  3:35  Baneling x2, Spine Crawler  
  41  3:37  Zergling x2  
  39  3:52  Drone x2  
  39  3:53  Drone x5  
  39  3:55  Drone  
  47  3:59  Overlord  
  47  4:05  Drone  
  47  4:06  Drone  
  47  4:07  Drone  
  50  4:14  Roach Warren  
  50  4:16  Drone x2  
  50  4:19  Baneling  
  50  4:21  Drone x2  
  50  4:24  Drone x2  
  54  4:36  Overlord  
  53  4:40  Extractor  
  53  4:41  Overlord  
  52  4:47  Zergling x6  
  52  4:48  Overlord x2  
  55  4:53  Extractor  
  55  4:56  Roach x5  
  55  4:57  Roach  
  66  5:00  Roach  
  66  5:05  Zergling x6, Roach  
  73  5:08  Zergling x4  
  73  5:14  Zergling x6  
  77  5:20  Zergling x2  
  77  5:21  Zergling x6  
  81  5:25  Overlord  
  81  5:29  Overlord  
  81  5:31  Baneling x4  
  81  5:41  Zergling x2  
  81  5:43  Baneling x4  
  77  5:52  Zergling x22  
  84  5:57  Ravager  
  78  6:05  Zergling x10  
  83  6:13  Zergling x8  
  83  6:17  Zergling x8, Roach  
  88  6:18  Ravager  
  88  6:24  Roach  
  81  6:28  Zergling x2, Roach  
  81  6:31  Roach  
  80  6:37  Evolution Chamber  
  80  6:38  Zergling x2  
Tags
 
Add a new tag
Caveats
  • Supply blocks, unpowered buildings, or Contaminate may cause inaccurate times.
  • Supply counts are checked every 10 seconds.